 Dungeon Sprint DCSS version 0.29-a0-819-g94b489e0ae (webtiles) character file.

Game seed: 7158304830908584677

48048 mhtbhm the Wrestler (level 14, -8/131 HPs)
             Began as a Troll Transmuter on July 6, 2022.
             Was an Initiate of Gozag.
             Mangled by a tengu reaver
             ... wielding a +2 great sword
              (19 damage)
             ... in the Dungeon (Sprint IX: "|||||||||||||||||||||||||||||").
             The game lasted 00:12:18 (4311 turns).

mhtbhm the Wrestler (Troll Transmuter)              Turns: 4311, Time: 00:12:18

Health: -8/131     AC:  8    Str: 25    XL:     14   Next: 10%
Magic:  19/28      EV: 17    Int:  9    God:    Gozag
Gold:   5179       SH:  0    Dex: 10    Spells: 10/35 levels left

rFire   + . .      SeeInvis +     - Unarmed
rCold   . . .      Faith    .   (shield currently unavailable)
rNeg    . . .      Spirit   .   a - +5 robe of Night {Dark Will+ SInv}
rPois   .          Reflect  .   (helmet restricted)
rElec   .          Harm     .   l - +0 cloak
rCorr   .          Rampage  .   (gloves unavailable)
Will    ++...      NoTele   +   (boots unavailable)
Stlth   +++.......              (no amulet)
HPRegen 1.11/turn               r - ring of Vesedal {rF+ EV+4}
MPRegen 0.21/turn               n - +2 ring of protection

@: blade hands, corroded, gold aura
A: large, unfitting armour, claws 3, regeneration 1, shaggy fur 1, tough skin 1
a: End Transformation, Renounce Religion, Potion Petition, Call Merchant, Bribe
Branch


You were in the Dungeon.
You worshipped Gozag.
Gozag was greatly pleased with you.
You had blades for hands.
You visited 1 branch You collected 16526 gold pieces.
You spent 4664 gold pieces at shops.
You paid 6683 gold pieces to Gozag.

Inventory:

Missiles
 C - 17 large rocks
Armour
 a - the +5 robe of Night (worn) {Dark Will+ SInv}
   (You bought it in a shop in the Dungeon)

   It shrouds the wearer in darkness, reducing the range at which they can see
   and be seen by others.
   SInv:      It lets you see invisible.
   Will:      It increases your willpower.
 l - a +0 cloak (worn)
 u - a scarf of repulsion
 v - the +1 hat "Rythrud" {rCorr Int+6 SInv Stlth-}
   (You bought it in a shop in the Dungeon)

   Int:       It affects your intelligence (+6).
   SInv:      It lets you see invisible.
   rCorr:     It protects you from acid and corrosion.
   Stlth:     It makes you less stealthy.
Jewellery
 n - a +2 ring of protection (right blade hand)
 r - the ring of Vesedal (left blade hand) {rF+ EV+4}
   (You bought it in a shop in the Dungeon)

   [ring of evasion]

   EV:        It affects your evasion (+4).
   rF:        It protects you from fire.
 x - a ring of protection from fire
 y - a ring of poison resistance
 z - a ring of protection from cold
 A - a ring of protection from cold
Wands
 w - a wand of mindburst (12)
Scrolls
 h - a scroll of blinking
 j - 2 scrolls of amnesia
 o - 8 scrolls of enchant weapon
 p - a scroll of fear
 q - 2 scrolls of identify
 t - a scroll of magic mapping {unknown}
 B - 2 scrolls of enchant armour
Potions
 c - 13 potions of curing
 d - a potion of invisibility
 e - 3 potions of haste
 f - 4 potions of magic
 g - a potion of berserk rage
 i - 2 potions of might
 m - 4 potions of lignification
 s - a potion of flight {unknown}
 D - a potion of attraction {unknown}


   Skills:
 + Level 6.6 Fighting
 + Level 12.2 Dodging
 + Level 4.9 Stealth
 + Level 25.9 Unarmed Combat
 + Level 11.2 Spellcasting
 + Level 12.0 Transmutations
 + Level 5.6 Ice Magic
 + Level 3.5 Evocations


You had 10 spell levels left.
You knew the following spells:

 Your Spells              Type           Power      Damage    Failure   Level
a - Beastly Appendage     Tmut           52%        N/A       7%          1
b - Wereblood             Tmut           26%        N/A       8%          2
c - Spider Form           Tmut/Pois      15%        N/A       26%         3
d - Ice Form              Ice/Tmut       21%        N/A       26%         4
e - Blade Hands           Tmut           13%        N/A       24%         5
f - Dragon Form           Tmut           13%        N/A       92%         7
g - Swiftness             Air            5%         N/A       78%         3

Your spell library contained the following spells:

 Spells                   Type           Power      Damage    Failure   Level
 Passwall                 Tmut/Erth      12%        N/A       19%         2
 Frozen Ramparts          Ice            30%        1d5       28%         3
 Ensorcelled Hibernation  Hex/Ice        20%        N/A       36%         2
 Portal Projectile        Hex/Tloc       10%        N/A       78%         3
 Tukima's Dance           Hex            5%         N/A       78%         3
 Simulacrum               Ice/Necr       Unusable   N/A       N/A         6

Dungeon Overview and Level Annotations

Branches:
Dungeon (1/1)

Altars:
Cheibriados
Dithmenos
Elyvilon
Fedhas
Gozag
Hepliaklqana
Kikubaaqudgha
Makhleb
Nemelex Xobeh
Okawaru
Qazlal
Ru
Sif Muna
Trog
Uskayaw
Vehumet
Wu Jian
Xom
Yredelemnul
Zin
The Shining One
Jiyva
Lugonu

Shops:
D [:[(![*:=


Innate Abilities, Weirdness & Mutations

You have blades for hands.
Your spellcasting is less reliable in this form.
You are incapable of wielding weapons or throwing items.
You are too large for most types of armour.
You have claws for hands.
Your natural rate of healing is unusually fast.
You are covered in fur. (AC +1)
You have tough skin. (AC +1)


Message History

You mangle the tengu reaver!!
The tengu reaver is moderately wounded.
You barely miss the tengu reaver. Your claw misses the tengu reaver.
The tengu reaver is moderately wounded.
The tengu reaver casts a spell at you. The bolt of acid hits you!!
The acid corrodes you!
You scratch the tengu reaver but do no damage.
Your claw misses the tengu reaver.
The tengu reaver is moderately wounded.
You scratch the tengu reaver.
The tengu reaver is moderately wounded.
The tengu reaver is distracted by your dazzling golden aura.
You strike the helpless tengu reaver from behind!
You claw the tengu reaver!
The tengu reaver is no longer distracted by gold.
The tengu reaver is heavily wounded.
Casting: Wereblood (safe; 1% risk of failure)
Confirm with . or Enter, or press ? or * to list all spells.
Your claws turn into razor-sharp scythe blades.
The tengu reaver hits you with a +2 great sword!
The tengu reaver pecks you but does no damage.
The tengu reaver claws you.
You hit the tengu reaver but do no damage.
The tengu reaver is heavily wounded.
The tengu reaver gestures at you while chanting.
The bolt of cold hits you!!!
* * * LOW HITPOINT WARNING * * *
You barely miss the tengu reaver. Your slash misses the tengu reaver.
The tengu reaver is heavily wounded.
You slice the tengu reaver!!
You slash the tengu reaver, but do no damage.
The tengu reaver is severely wounded.
The tengu reaver closely misses you.
The tengu reaver pecks you but does no damage.
The tengu reaver barely misses you.
You barely miss the tengu reaver.
The tengu reaver is severely wounded.
The tengu reaver hits you with a +2 great sword!!
You die...
Your body crumbles into a pile of gold.

......[........................▓
▓▓▓▓▓▓▓▓▓▓▓▓▓▓▓▓▓▓▓▓▓▓▓▓▓▓▓▓▓▓.▓
[[[[[[[.)))))))).....'.........▓
▓▓▓▓▓▓▓▓▓▓▓▓▓▓▓▓▓▓▓▓▓▓▓▓▓▓▓▓▓▓▓▓
.))[..∩[.).....................▓
♣♣♣♣♣♣▓▓▓▓▓▓▓▓▓▓▓▓▓▓▓▓▓▓▓▓▓▓▓▓.▓
....['.........'...............▓
♣♣♣♣♣♣▓▓▓▓▓▓▓▓▓▓▓▓▓▓▓▓▓▓▓▓▓▓▓▓▓▓
............)...@Q.............▓
▓▓▓▓▓▓▓▓▓▓▓▓▓▓▓▓▓▓▓▓▓▓▓▓▓▓▓▓▓▓.▓
.C..$'...G....G..C$.C..▓
▓▓▓▓▓▓▓▓▓▓▓▓▓▓▓▓▓▓▓▓▓▓▓▓


You could see a tengu reaver.

Vanquished Creatures
  Saint Roka (D)
  A tentacled monstrosity (D)
  A fenstrider witch (D)
  A nagaraja (D)
  2 fire giants (D)
  An emperor scorpion (D)
  2 frost giants (D)
  3 stone giants (D)
  Nessos (D)
  An entropy weaver (D)
  An ettin (D)
  Erolcha (D)
  A rakshasa (D)
  A hydra (D)
  4 ogre magi (D)
  A ghost crab (D)
  2 centaur warriors (D)
  An alligator (D)
  A death knight (D)
  A naga warrior (D)
  A tengu warrior (D)
  A deep troll earth mage (D)
  Nergalle (D)
  A spriggan (D)
  2 sea snakes (D)
  2 steelbarb worms (D)
  An orb spider (D)
  5 deep trolls (D)
  2 glowing orange brains (D)
  2 orc knights (D)
  A harpy (D)
  A deep elf pyromancer (D)
  A will-o-the-wisp (D)
  2 ugly things (D)
  A merfolk siren (D)
  9 elephants (D)
  A moth of wrath (D)
  2 cyclopes (D)
  2 naga magi (D)
  2 black mambas (D)
  2 guardian serpents (D)
  A torpor snail (D)
  An unseen horror (D)
  3 cane toads (D)
  2 komodo dragons (D)
  A freezing wraith (D)
  A tengu conjurer (D)
  A merfolk (D)
  A wind drake (D)
  A hornet (D)
  7 trolls (D)
  A blink frog (D)
  A snapping turtle (D)
  A jumping spider (D)
  2 wyverns (D)
  A basilisk (D)
  4 yaks (D)
  A redback (D)
  Eustachio (D)
  A warg (D)
  An acid dragon (D)
  A naga (D)
  3 water moccasins (D)
  15 orc warriors (D)
  2 ogres (D)
  2 wolves (D)
  A phantom (D)
  2 bullfrogs (D)
  A hound (D)
  2 orc priests (D)
  An iguana (D)
  3 orc wizards (D)
  An adder (D)
  A gnoll (D)
  A dart slug (D)
  8 orcs (D)
  A bat (D)
  2 kobolds (D)
  A ball python simulacrum (D)
  A frilled lizard (D)
152 creatures vanquished.

Vanquished Creatures (others)
  A hydra (D)
  A tyrant leech (D)
2 creatures vanquished.

Grand Total: 154 creatures vanquished

Notes
Turn   | Place    | Note
-------+----------+-------------------------------------------
     0 | D        | mhtbhm the Troll Transmuter began the quest for the Orb.
     0 | D        | Reached XP level 1. HP: 18/18 MP: 1/1
    25 | D        | Reached skill level 4 in Unarmed Combat
    25 | D        | Reached XP level 2. HP: 26/26 MP: 1/3
   154 | D        | Learned a level 2 spell: Wereblood
   159 | D        | Noticed a phantom
   165 | D        | Reached skill level 5 in Unarmed Combat
   165 | D        | Reached XP level 3. HP: 26/32 MP: 0/5
   176 | D        | Reached skill level 6 in Unarmed Combat
   176 | D        | Reached XP level 4. HP: 33/40 MP: 1/6
   178 | D        | Killed a phantom
   179 | D        | Reached skill level 7 in Unarmed Combat
   179 | D        | Reached XP level 5. HP: 41/46 MP: 1/8
   185 | D        | Found a snail-covered altar of Cheibriados.
   185 | D        | Found a shadowy altar of Dithmenos.
   185 | D        | Found a white marble altar of Elyvilon.
   185 | D        | Found a blossoming altar of Fedhas.
   185 | D        | Found an opulent altar of Gozag.
   186 | D        | Found a hazy altar of Hepliaklqana.
   187 | D        | Found a viscous altar of Jiyva.
   188 | D        | Found an ancient bone altar of Kikubaaqudgha.
   189 | D        | Found a corrupted altar of Lugonu.
   190 | D        | Found a burning altar of Makhleb.
   191 | D        | Found a sparkling altar of Nemelex Xobeh.
   192 | D        | Found an iron altar of Okawaru.
   193 | D        | Became a worshipper of Gozag Ym Sagoz the Greedy
   194 | D        | Found a stormy altar of Qazlal.
   195 | D        | Found a sacrificial altar of Ru.
   196 | D        | Found a shimmering blue altar of Sif Muna.
   197 | D        | Found a bloodstained altar of Trog.
   198 | D        | Found a hide-covered altar of Uskayaw.
   199 | D        | Found a radiant altar of Vehumet.
   200 | D        | Found an ornate altar of the Wu Jian Council.
   201 | D        | Found a shimmering altar of Xom.
   202 | D        | Found a basalt altar of Yredelemnul.
   203 | D        | Found a glowing silver altar of Zin.
   204 | D        | Found a glowing golden altar of the Shining One.
   239 | D        | Learned a level 3 spell: Spider Form
   244 | D        | Learned a level 4 spell: Ice Form
   264 | D        | Noticed an acid dragon
   264 | D        | Noticed an orc warrior
   264 | D        | Noticed a troll
   264 | D        | Noticed a yak
   264 | D        | Noticed a troll
   264 | D        | Noticed a yak
   272 | D        | Killed a yak
   273 | D        | Reached skill level 5 in Dodging
   273 | D        | Reached skill level 9 in Unarmed Combat
   273 | D        | Reached XP level 6. HP: 54/54 MP: 6/10
   277 | D        | Killed a troll
   278 | D        | Reached skill level 10 in Unarmed Combat
   281 | D        | Killed a yak
   282 | D        | Reached skill level 11 in Unarmed Combat
   282 | D        | Reached XP level 7. HP: 61/61 MP: 7/12
   284 | D        | Killed a troll
   285 | D        | Reached skill level 5 in Transmutations
   290 | D        | Reached skill level 12 in Unarmed Combat
   295 | D        | Reached XP level 8. HP: 68/68 MP: 8/14
   370 | D        | Noticed a komodo dragon
   370 | D        | Noticed a tengu warrior
   370 | D        | Noticed a troll
   370 | D        | Noticed a deep elf pyromancer
   370 | D        | Noticed a brown ugly thing
   375 | D        | Killed an unseen horror
   376 | D        | Reached skill level 13 in Unarmed Combat
   376 | D        | Reached skill level 5 in Spellcasting
   380 | D        | Killed a brown ugly thing
   382 | D        | Killed a deep elf pyromancer
   383 | D        | Reached skill level 14 in Unarmed Combat
   383 | D        | Reached XP level 9. HP: 41/75 MP: 9/16
   384 | D        | Killed a troll
   400 | D        | HP: 3/90 [tengu warrior/+0 dire flail (5)]
   403 | D        | Killed a tengu warrior
   404 | D        | Reached skill level 1 in Fighting
   404 | D        | Reached skill level 15 in Unarmed Combat
   404 | D        | Reached skill level 1 in Ice Magic
   682 | D        | Killed a komodo dragon
   822 | D        | Noticed a cane toad
   822 | D        | Noticed a cane toad
   826 | D        | Killed a cane toad
   826 | D        | Noticed a komodo dragon
   838 | D        | Reached skill level 16 in Unarmed Combat
   840 | D        | Killed a cane toad
   841 | D        | Reached XP level 10. HP: 85/87 MP: 13/18
   850 | D        | Reached skill level 1 in Evocations
   891 | D        | Noticed an elephant
   891 | D        | Noticed a cane toad
   898 | D        | Killed a cane toad
   899 | D        | Reached skill level 17 in Unarmed Combat
   911 | D        | Killed an elephant
   924 | D        | Noticed an elephant
   924 | D        | Noticed an elephant
   924 | D        | Noticed an elephant
   924 | D        | Noticed an elephant
   924 | D        | Noticed an elephant
   924 | D        | Noticed an elephant
   927 | D        | Killed an elephant
   930 | D        | Killed an elephant
   933 | D        | Killed an elephant
   934 | D        | Reached skill level 18 in Unarmed Combat
   937 | D        | Killed an elephant
   949 | D        | Killed an elephant
   950 | D        | Reached XP level 11. HP: 97/97 MP: 10/21
  1049 | D        | Noticed Eustachio
  1056 | D        | Killed Eustachio
  1109 | D        | Bought the ring of Vesedal {rF+ EV+4} for 750 gold pieces
  1161 | D        | Reached skill level 19 in Unarmed Combat
  1324 | D        | Reached skill level 10 in Dodging
  1338 | D        | Noticed an orc knight
  1601 | D        | Killed an orc knight
  1659 | D        | Found Zyrenwupsu's Assorted Antiques.
  1659 | D        | Noticed a deep troll
  1659 | D        | Noticed a deep troll
  1659 | D        | Noticed an ogre mage
  1659 | D        | Noticed a deep troll
  1659 | D        | Noticed an ogre mage
  1661 | D        | Noticed an ogre mage
  1663 | D        | Killed an ogre mage
  1666 | D        | Noticed a deep troll
  1669 | D        | Killed a deep troll
  1670 | D        | Reached skill level 1 in Stealth
  1671 | D        | Found Qouz's Armour Shop.
  1673 | D        | Killed an ogre mage
  1673 | D        | Noticed an ogre mage
  1674 | D        | Reached skill level 20 in Unarmed Combat
  1677 | D        | Killed a deep troll
  1679 | D        | Killed a deep troll
  1685 | D        | Killed an ogre mage
  1690 | D        | Killed a deep troll
  1691 | D        | Found Sanuluc's Weapon Boutique.
  1692 | D        | Paralysed by something for 3 turns
  1697 | D        | Killed an ogre mage
  1941 | D        | Found Puixkomu's Antique Armour Shop.
  1947 | D        | Noticed a deep troll
  1952 | D        | Killed a deep troll
  1953 | D        | Reached skill level 21 in Unarmed Combat
  1953 | D        | Reached XP level 12. HP: 109/109 MP: 17/23
  2094 | D        | Bought a potion of curing for 75 gold pieces
  2094 | D        | Bought a potion of curing for 75 gold pieces
  2094 | D        | Bought a potion of lignification for 75 gold pieces
  2094 | D        | Bought an amethyst potion for 22 gold pieces
  2094 | D        | Bought a scroll labelled ZYRHEHER WIYR for 25 gold pieces
  2096 | D        | Bought a scarf of repulsion for 156 gold pieces
  2102 | D        | Bought a +1 robe of willpower for 165 gold pieces
  2113 | D        | Bought a potion of curing for 42 gold pieces
  2113 | D        | Bought a potion of haste for 140 gold pieces
  2113 | D        | Bought a potion of curing for 42 gold pieces
  2113 | D        | Bought a potion of haste for 140 gold pieces
  2113 | D        | Bought a potion of berserk rage for 70 gold pieces
  2113 | D        | Bought a potion of heal wounds for 70 gold pieces
  2121 | D        | Bought a pitted hat for 207 gold pieces
  2121 | D        | Identified the +1 hat "Rythrud" {rCorr Int+6 SInv Stlth-}
                  | (You bought it in a shop in the Dungeon)
  2127 | D        | Bought the +5 robe of Night {Dark Will+ SInv} for 1380 gold
                  | pieces
  2127 | D        | Found the +5 robe of Night {Dark Will+ SInv}
  2193 | D        | Noticed Erolcha
  2199 | D        | Killed Erolcha
  2283 | D        | Noticed a centaur warrior
  2283 | D        | Noticed a centaur warrior
  2288 | D        | Noticed a death knight
  2289 | D        | Killed a centaur warrior
  2298 | D        | Noticed a frost giant
  2302 | D        | Killed a centaur warrior
  2308 | D        | Noticed a stone giant
  2309 | D        | Killed a death knight
  2310 | D        | Noticed a fire giant
  2318 | D        | Noticed a stone giant
  2319 | D        | Reached skill level 22 in Unarmed Combat
  2320 | D        | Noticed a deep troll earth mage
  2329 | D        | Killed a frost giant
  2334 | D        | Killed a stone giant
  2463 | D        | Killed a stone giant
  2551 | D        | Killed a fire giant
  2552 | D        | Reached skill level 5 in Fighting
  2552 | D        | Reached skill level 10 in Transmutations
  2578 | D        | Killed a deep troll earth mage
  2628 | D        | Bought a potion of might for 60 gold pieces
  2628 | D        | Bought 2 potions of lignification for 90 gold pieces
  2675 | D        | Noticed Nessos
  2685 | D        | Killed Nessos
  2686 | D        | Reached skill level 23 in Unarmed Combat
  2689 | D        | Noticed Saint Roka
  2707 | D        | Killed Saint Roka
  2708 | D        | Reached XP level 13. HP: 118/118 MP: 22/25
  2808 | D        | Noticed an entropy weaver
  2810 | D        | Noticed an emperor scorpion
  2811 | D        | Reached skill level 10 in Spellcasting
  2821 | D        | HP: 6/213 [entropy weaver (6)]
  2821 | D        | HP: 1/213 [entropy weaver (5)]
  2822 | D        | Killed an entropy weaver
  3102 | D        | Killed an emperor scorpion
  3103 | D        | Reached skill level 24 in Unarmed Combat
  3203 | D        | Noticed a tentacled monstrosity
  3203 | D        | Noticed a fenstrider witch
  3213 | D        | Killed a tentacled monstrosity
  3219 | D        | Killed a fenstrider witch
  3220 | D        | Reached skill level 5 in Ice Magic
  3483 | D        | Reached skill level 25 in Unarmed Combat
  3530 | D        | Noticed a nagaraja
  3540 | D        | Killed a nagaraja
  3629 | D        | Bought the Almanac of Frosty Transformation for 504 gold
                  | pieces
  3629 | D        | Bought a book of Weapons for 336 gold pieces
  3635 | D        | Learned a level 5 spell: Blade Hands
  3643 | D        | Learned a level 7 spell: Dragon Form
  3647 | D        | Bought a book of Burglary for 240 gold pieces
  3651 | D        | Learned a level 3 spell: Swiftness
  3909 | D        | Noticed Nergalle
  3917 | D        | Killed Nergalle
  3969 | D        | Noticed an ettin
  3969 | D        | Noticed a stone giant
  3973 | D        | Noticed a fire giant
  3979 | D        | Killed a stone giant
  3998 | D        | Reached XP level 14. HP: 49/131 MP: 27/27
  4150 | D        | Killed a fire giant
  4287 | D        | Noticed a frost giant
  4294 | D        | Killed a frost giant
  4298 | D        | Noticed a tengu reaver
  4311 | D        | Mangled by a tengu reaver

Illustrated notes

Levels and vault maps discovered:
D:        linesprint [early_d, line_temple, items_1, d_10, items_2, lair_1,
          lair_end, items_3, orc_1, orc_end, items_4, d_15, swamp_1, shoals_1,
          snake_1, spider_1, d_20, vaults_1, items_5, swamp_end, shoals_end,
          snake_end, spider_end, vaults_end, d_27, items_6, zot_1, zot_end,
          crypt_end, forest_end, elf_end, slime_end, tomb_end, abyss_end,
          pan_hell_end]

Skill      XL: |  1  2  3  4  5  6  7  8  9 10 11 12 13 14 |
---------------+-------------------------------------------+-----
Dodging        | 2 3 4 5 6 7 8 9 10 11 12 | 12.2
Unarmed Combat | 4 5 6 7 9 11 12 14 16 18 21 23 25 | 25.9
Transmutations | 2 3 4 5 6 7 9 10 11 12 | 12.0
Spellcasting   | 2 3 4 5 6 7 8 9 10 11 | 11.2
Fighting       | 2 3 4 5 6 |  6.6
Ice Magic      | 1 2 3 4 5 |  5.6
Evocations     | 1 2 3 |  3.5
Stealth        | 1 3 4 |  4.9

Action                   |  1- 3 |  4- 6 |  7- 9 | 10-12 | 13-15 || total
-------------------------+-------+-------+-------+-------+-------++-------
Melee: Unarmed           |    34 |    17 |    55 |   222 |   129 ||   457
       Headbutt          |     1 |       |       |     4 |       ||     5
       Kick              |     1 |       |       |     5 |       ||     6
       Punch             |       |     1 |     3 |     1 |     6 ||    11
 Cast: Beastly Appendage |     2 |     1 |       |     2 |     2 ||     7
       Wereblood         |     1 |     1 |     3 |    17 |    10 ||    32
       Ice Form          |       |       |     3 |    12 |     5 ||    20
       Blade Hands       |       |       |       |       |     9 ||     9
Invok: Call Merchant     |       |       |       |     5 |     1 ||     6
       Potion Petition   |       |       |       |       |     2 ||     2
Evoke: Wand              |       |       |     2 |     6 |     6 ||    14
  Use: Potion            |     1 |     1 |     2 |     4 |     6 ||    14
       Scroll            |       |       |     1 |     1 |     3 ||     5
 Stab: Distracted        |       |       |       |     5 |     4 ||     9
       Invisible         |       |       |       |       |     1 ||     1
Armor: Robe              |     7 |     1 |       |     2 |     6 ||    16
       Skin              |       |    14 |    28 |    20 |    19 ||    81
Dodge: Dodged            |    20 |     1 |    29 |    80 |    57 ||   187

Table legend: (Time is in decaauts)
 A = Elapsed time spent in this place.
 B = Non-inter-level travel time spent in this place.
 C = Inter-level travel time spent in this place.
 D = Time resting spent in this place.
 E = Time spent auto-exploring this place.
 F = Levels seen in this place.
 G = Mean time per level.
                   A        B        C        D        E       F      G
               +--------+--------+--------+--------+--------+-----+--------+
         Total |   4154 |   4154 |      0 |   1282 |   1090 |   1 | 4154.0 |
       Dungeon |   4154 |   4154 |      0 |   1282 |   1090 |   1 | 4154.0 |
               +--------+--------+--------+--------+--------+-----+--------+

Top non-repeatable levels by time:
       D: 4154 daAuts
